 Dungeon Crawl Stone Soup version 0.29.0-4-gdea44cf6ec (webtiles) character file.

Game seed: 14564148580093670327

1 qw the Sneak (level 1, -5/14 HPs)
             Began as a Gargoyle Delver on Sept 10, 2022.
             Slain by an ogre
             ... wielding a +0 giant spiked club
              (17 damage)
             ... on level 4 of the Dungeon.
             The game lasted 00:00:01 (87 turns).

qw the Sneak (Gargoyle Delver)                        Turns: 87, Time: 00:00:01

Health: -5/14      AC:  5    Str: 15    XL:     1   Next: 20%
Magic:  1/1        EV: 11    Int: 10    God:
Gold:   7          SH:  0    Dex: 11    Spells: 0/0 levels left

rFire   . . .      SeeInvis .   a - +0 hand axe
rCold   . . .      Faith    .   (no shield)
rNeg    + . .      Spirit   .   b - +0 leather armour
rPois   inf        Reflect  .   (no helmet)
rElec   +          Harm     .   (no cloak)
rCorr   .          Rampage  .   (no gloves)
Will    .....                   (no boots)
Stlth   +++.......              (no amulet)
HPRegen 0.04/turn               (no ring)
MPRegen 0.07/turn               (no ring)

@: no status effects
A: sickness immunity, AC +2, negative energy resistance 1, electricity
resistance, torment resistance 1, petrification resistance
a: no special abilities


You were on level 4 of the Dungeon.
You visited 1 branch of the dungeon, and saw 2 of its levels.

You collected 7 gold pieces.


Innate Abilities, Weirdness & Mutations

You are immune to sickness and miasma.
Your stone body is resilient. (AC +2)
You are immune to poison.
You resist negative energy. (rN+)
You are resistant to electric shocks. (rElec)
You are resistant to unholy torment.
You are immune to petrification.


   Skills:
 - Level 3.2 Fighting
 + Level 1.9 Axes
 - Level 1.5 Dodging
 - Level 5.4 Stealth


You couldn't memorise any spells.
You didn't know any spells.
Your spell library was empty.

Inventory:

Hand Weapons
 a - a +0 hand axe (weapon)
Armour
 b - a +0 leather armour (worn)
Wands
 g - a wand of digging (3)
Potions
 f - 2 potions of haste
 h - a potion of brilliance {unknown}

Dungeon Overview and Level Annotations

Branches:
Dungeon (5/15)
 Temple: D:4-7

Altars:


Message History

f - 2 potions of haste (gained 1)
h - a sedimented sapphire potion
Enter note:
Found a stone staircase leading up.
Enter note:
72 ||| DROPPING scroll of fog.
You drop a scroll of fog.
73 ||| DROPPING scroll of magic mapping.
You drop a scroll of magic mapping.
74 ||| DROPPING scroll of fear.
You drop a scroll of fear.
(D) Dungeon
Where to? (* - list waypoints, ? - help)
What level of the Dungeon? (default 1, ? - help)
There is a stone staircase leading up here.
You climb upwards.
The adder hisses angrily.
The ogre shouts!
The hobgoblin shouts!
Found a dagger.
Found a stone staircase leading up.
There is a stone staircase leading down here.
There are monsters nearby!
Existing waypoints: (2) D:5 Assign waypoint to what number? (0-9, D - delete waypoint) Waypoint 1 assigned to D:4.
Enter note: You hit the hobgoblin.
The hobgoblin is moderately wounded.
The jackal closely misses you.
The jackal bites you but does no damage.
The hobgoblin closely misses you.
You hit the hobgoblin.
You kill the hobgoblin!
You barely miss the jackal. You hit the jackal.
The jackal bites you but does no damage. x3
The jackal bites you.
You barely miss the jackal.
The jackal is moderately wounded.
You closely miss the jackal. You hit the ogre. The jackal barely misses you.
The jackal closely misses you.
The ogre hits you with a +0 giant spiked club!
Ouch! That really hurt!
You die...

. ...
##########.....
#..)...@O......
#.....Shh......
#..............
...............
.............<.
#.........#####
#.........#
####..#####


You could see an ogre, an adder and 2 jackals.

Vanquished Creatures
  A hobgoblin (D:4)
1 creature vanquished.

Notes
Turn   | Place    | Note
-------+----------+-------------------------------------------
     0 | D:5      | qw the Gargoyle Delver began the quest for the Orb.
     0 | D:5      | Reached XP level 1. HP: 14/14 MP: 1/1
     0 | D:5      | 0 ||| qw: Version: 0.1-a-116-g5d60599
     0 | D:5      | 0 ||| qw: Game counter: 8261
     0 | D:5      | 0 ||| qw: Always use a shield: true
     0 | D:5      | 0 ||| qw: God list: Okawaru
     0 | D:5      | 0 ||| qw: Allow faded altars: false
     0 | D:5      | 0 ||| qw: Do Orc after D:15 true
     0 | D:5      | 0 ||| qw: Do second Lair branch before Depths: true
     0 | D:5      | 0 ||| qw: Lair rune preference: random
     0 | D:5      | 0 ||| qw: Plans: Normal
     0 | D:5      | 0 ||| PLANNING D:1-11
    72 | D:5      | 72 ||| DROPPING scroll of fog.
    73 | D:5      | 73 ||| DROPPING scroll of magic mapping.
    74 | D:5      | 74 ||| DROPPING scroll of fear.
    82 | D:4      | Noticed an ogre
    87 | D:4      | Slain by an ogre

Levels and vault maps discovered:
D:4:      layout_rooms, uniq_grinder
D:5:      layout_basic, mainiacjoe_overflow_six_doors_small, serial_shops,
          nicolae_shop_stone, serial_undead, serial_undead_e, serial_undead_f,
          serial_undead_c, serial_undead_d, serial_undead_e,
          nicolae_shop_gadgets, uniq_prince_ribbit1

Action                   || total
-------------------------++-------
Melee: Hand axe          ||     3
Armor: Leather armour    ||     4
Dodge: Dodged            ||     4

Table legend:
 A = Non-vault XP
 B = Vault XP
 C = Vault XP percentage of total XP
 D = Non-vault monster count
 E = Vault monster count
 F = Vault count percentage of total count
                 A         B        C        D         E       F
            +---------+---------+-------+---------+---------+-------
      Total |       2 |       0 |   0.0 |       1 |       0 |   0.0
            +---------+---------+-------+---------+---------+-------
        D:4 |       2 |       0 |   0.0 |       1 |       0 |   0.0
            +---------+---------+-------+---------+---------+-------
